 Dungeon Crawl Stone Soup version 0.27.1-33-g824d729ab1 (webtiles) character file.

Game seed: 9078276019481751541

336 belegose the Ducker (level 6, 0/47 HPs)
             Began as a Djinni Warper on Dec 12, 2021.
             Killed by divine providence
             ... invoked by an orc priest
              (14 damage)
             ... on level 2 of the Dungeon.
             The game lasted 00:05:54 (3712 turns).

belegose the Ducker (Djinni Warper)                 Turns: 3712, Time: 00:05:54

Health: 0/47       AC:  4    Str: 12    XL:     6   Next: 84%
Gold:   111        EV: 13    Int: 12    God:
                   SH:  0    Dex: 13

rFire    + + .     SeeInvis .   a - +0 falchion
rCold    x . .     Faith    .   (no shield)
rNeg     . . .     Spirit   .   b - +0 leather armour
rPois    ∞         Reflect  .   (no helmet)
rElec    .         Harm     .   j - +0 cloak
rCorr    .         Rampage  .   (no gloves)
Will     .....     Rnd*Rage +   (boots unavailable)
Stlth    +.........             (no amulet)
HPRegen  0.15/turn              (no ring)
MPRegen  0.00/turn              (no ring)

@: flying
A: sickness immunity, fire resistance 2, cold vulnerability 1, float, innate
caster, hp casting, extra vitality 1, berserk 1, dopey 1
a: no special abilities


You were on level 2 of the Dungeon.
You visited 1 branch of the dungeon, and saw 4 of its levels.

You collected 111 gold pieces.

Inventory:

Hand Weapons
 a - a +0 falchion (weapon)
Missiles
 d - 5 boomerangs of dispersal (quivered)
Armour
 b - a +0 leather armour (worn)
 j - a +0 cloak (worn)
Scrolls
 c - 4 scrolls of blinking
 f - 2 scrolls of enchant armour {unknown}
 g - a scroll of teleportation {unknown}
 k - a scroll of summoning {unknown}
 l - 5 scrolls of identify {unknown}
 m - a scroll of magic mapping {unknown}
 n - a scroll of enchant weapon {unknown}
Potions
 e - 2 potions of curing {unknown}
 h - a potion of attraction {unknown}
 i - a potion of brilliance {unknown}
 o - a potion of cancellation {unknown}


   Skills:
 + Level 3.6 Fighting
 + Level 3.3 Long Blades
 - Level 0.7 Throwing
 - Level 1.0 Armour
 + Level 4.1 Dodging
 + Level 3.4 Spellcasting


You couldn't memorise any spells.
You knew the following spells:

 Your Spells              Type           Power      Damage    Failure   Level
a - Blink                 Tloc           N/A        N/A       11%         2
b - Lesser Beckoning      Tloc           5%         N/A       22%         3
c - Gell's Gravitas       Tloc           5%         N/A       22%         3
d - Teleport Other        Tloc           10%        N/A       22%         3
e - Manifold Assault      Tloc           10%        N/A       90%         5
f - Corona                Hex            11%        N/A       8%          1
g - Searing Ray           Conj           20%        3d3       11%         2
Your spell library was empty.

Dungeon Overview and Level Annotations

Branches:
Dungeon (4/15)
 Temple: D:4-7

Altars:
Ru
Sif Muna

Annotations:
D:3 Ijyb
D:4 Edmund


Innate Abilities, Weirdness & Mutations

You are immune to sickness and miasma.
You are immune to poison.
Your flesh is very heat resistant. (rF++)
You are vulnerable to cold. (rC-)
You float through the air rather than walking.
You learn spells naturally, not from books.
Your magical power is your life essence.
You have superior vitality. (+4 HP)
You tend to lose your temper in combat.
You are dopey. (Int -2)


Message History

The orc wizard is moderately wounded.
The orc priest closely misses you.
You fly upwards.
There is a stone staircase leading down here.
Unknown command.
You barely miss the orc priest.
The orc wizard points at you and mumbles some strange words.
You resist with some effort.
The orc priest calls down the wrath of Beogh upon you.
Beogh smites you!
You completely miss the orc priest.
The orc wizard hits you with a +0 dagger.
The orc priest misses you.
The orc wizard mumbles some strange words.
The orc wizard flickers and vanishes!
Deactivating autopickup; reactivate with Ctrl-A.
You hit the orc priest.
The orc priest is lightly wounded.
The orc priest closely misses you.
You hear some strange, mumbled words.
A magic dart appears from out of thin air!
The magic dart hits you.
You barely miss the orc priest.
The orc priest is lightly wounded.
The orc priest calls down the wrath of Beogh upon you.
Beogh smites you! Something hits you but does no damage.
The orc priest hits you with a +0 falchion!
Casting: Searing Ray (safe; 11% risk of failure)
Confirm with . or Enter, or press ? or * to list all spells.
Aiming: Searing Ray (safe; 11% risk of failure)
Press: ? - help, Shift-Dir - straight line, f - orc priest
Aim: an orc priest, wielding a +0 falchion (lightly wounded, 76% to hit)
The searing ray hits the orc priest.
The orc priest is moderately wounded. (Press . to maintain the ray.)
* * * LOW HITPOINT WARNING * * *
Something hits you but does no damage.
The orc priest mumbles some strange prayers to Beogh against you.
Beogh smites you!
You die...

.# ##.........#......###.#..<....
######...........##....#.........
...............#######..#........
#####........>...................
....#..........#######...........
..#............## ##..#.......
................########.........
....##.........{......####.......
.######........o@..##...###....#.
.## #.........†).####..#.......
..# #............###>#.#.#.#...
..# #........#...##............
..# #........#.....#.#.#.#.#...
.## #........#...#..(......)...
## ##########...###.#.#.#.###. #
######.........### ##.#.#.#.##


You could see an orc priest.

Vanquished Creatures
  A necrophage (D:4)
  An ogre (D:4)
  A water moccasin skeleton (D:4)
  A hound (D:4)
  Jessica (D:2)
  A gnoll (D:1)
  3 adders
  2 orcs
  3 giant cockroaches
  5 goblins
  3 hobgoblins
  A jackal (D:2)
  A quokka (D:1)
  3 ball pythons
  A bat (D:3)
  2 frilled lizards
  2 kobolds (D:2)
  6 rats
38 creatures vanquished.

Notes
Turn   | Place    | Note
-------+----------+-------------------------------------------
     0 | D:1      | belegose the Djinni Warper began the quest for the Orb.
     0 | D:1      | Reached XP level 1. HP: 18/18 MP: 0/0
   362 | D:1      | Reached XP level 2. HP: 23/23 MP: 0/0
   963 | D:1      | Reached XP level 3. HP: 24/29 MP: 0/0
   963 | D:1      | Learned a level 1 spell: Corona
  1535 | D:2      | Noticed Jessica
  1542 | D:2      | Gained mutation: You are clumsy. (Dex -2) [potion of
                  | mutation]
  1542 | D:2      | Gained mutation: You are dopey. (Int -2) [potion of
                  | mutation]
  1542 | D:2      | Gained mutation: You tend to lose your temper in combat.
                  | [potion of mutation]
  1542 | D:2      | Lost mutation: You are clumsy. (Dex -2) [potion of
                  | mutation]
  1548 | D:2      | Killed Jessica
  1549 | D:2      | Reached skill level 3 in Dodging
  1549 | D:2      | Reached XP level 4. HP: 4/34 MP: 0/0
  2069 | D:2      | Found a faded altar of an unknown god.
  2382 | D:3      | Found a sacrificial altar of Ru.
  2402 | D:3      | You are sucked into a shaft and drop 1 floor!
  2418 | D:4      | Reached XP level 5. HP: 16/40 MP: 0/0
  2418 | D:4      | Learned a level 2 spell: Searing Ray
  2598 | D:4      | Noticed Edmund
  2768 | D:4      | Noticed an ogre
  2809 | D:4      | Killed an ogre
  2810 | D:4      | Reached XP level 6. HP: 39/46 MP: 0/0
  3007 | D:4      | Noticed a necrophage
  3018 | D:4      | Killed a necrophage
  3019 | D:4      | Reached skill level 4 in Dodging
  3424 | D:3      | Noticed Ijyb
  3712 | D:2      | Killed from afar by an orc priest

Illustrated notes

Levels and vault maps discovered:
D:1:      dpeg_arrival_windows_large_door, layout_loops_ring
D:2:      layout_rooms, basic_ecumenical_altar, st_stairs_9,
          minmay_fractal_squares_gapless_5, uniq_jessica
D:3:      layout_basic, chequers_temple_overflow_statue_of_worship,
          uniq_crazy_yiuf_cottage, uniq_ijyb
D:4:      layout_basic, uniq_edmund

Skill      XL: |  1  2  3  4  5  6 |
---------------+-------------------+-----
Long Blades    | 2 3 |  3.3
Dodging        | 3 4 |  4.1
Fighting       | 3 |  3.6
Spellcasting   | 3 |  3.4
Throwing       | |  0.7
Armour         | |  1.0

Action                   |  1- 3 |  4- 6 || total
-------------------------+-------+-------++-------
Melee: Falchion          |    62 |   100 ||   162
 Cast: Searing Ray       |       |     2 ||     2
  Use: Potion            |     3 |       ||     3
 Stab: Sleeping          |     1 |       ||     1
Armor: Leather armour    |    11 |    31 ||    42
Dodge: Dodged            |    38 |    76 ||   114
       Rpst.: Falchion   |    16 |    31 ||    47
